 Yiufcrawl Soup (a DCSS fork) version 1.5.2b1-yiuf-19-g91104ff (webtiles) character file.

4626 Fisto the Sneak (level 10, -4/74 HPs)
             Began as a Vampire Assassin on Nov 13, 2017.
             Was a Believer of Nemelex Xobeh.
             Slain by a large abomination (26 damage)
             ... on level 2 of the Abyss.
             The game lasted 01:50:44 (12699 turns).

Fisto the Sneak (Vampire Assassin)                 Turns: 12699, Time: 01:50:45

Health: -4/74      AC:  0    Str: 12    XL:     10   Next: 19%
Magic:  11/11      EV: 19    Int: 14    God:    Nemelex Xobeh [**....]
Gold:   443        SH:  0    Dex: 22    Spells: 9/9 levels left

rFire    + . .     SeeInvis +   (weapon currently unavailable)
rCold    + + .     Gourm    .   (shield currently unavailable)
rNeg     + + .     Faith    .   (armour currently unavailable)
rPois    +         Spirit   .   (helmet currently unavailable)
rElec    +         Reflect  .   (cloak currently unavailable)
rCorr    +         Harm     .   (gloves currently unavailable)
MR       +....                  (boots currently unavailable)
Stlth    ++++++....             (no amulet)
Regen    0.2/turn               (ring currently unavailable)
MPRegen  0.2/turn               (ring currently unavailable)

@: bat-form, resistant, flying, regenerating slowly, very quick
A: fangs 3, see invisible, (unbreathing)
a: End Transformation, Renounce Religion


You were on level 2 of the Abyss.
You worshipped Nemelex Xobeh.
Nemelex Xobeh was pleased with you.
You were near bloodless.
You were in vampire-bat-form.
You visited 1 branch of the dungeon, and saw 10 of its levels.
You visited the Abyss 2 times.
You also visited: Ossuary.

You collected 523 gold pieces.
You spent 80 gold pieces at shops.

Inventory:

Hand Weapons
 b - a +1 blowgun (melded)
 w - a +2 great mace
 A - a +2 scythe of flaming
 B - a +3 short sword of freezing
Missiles
 c - 210 stones (quivered)
 k - 40 poisoned needles
 P - 8 needles of confusion
 R - 6 needles of sleeping
Armour
 d - a +1 cloak (melded)
 i - a +0 pair of gloves (melded)
 p - a +1 crystal plate armour (melded)
Jewellery
 l - an uncursed ring of resist corrosion
 n - a +3 ring of strength (melded)
 I - a +3 ring of dexterity (melded)
Wands
 f - a wand of random effects (17/48)
 v - a wand of lightning (0/15)
 E - a wand of polymorph (0/24)
Scrolls
 j - 3 scrolls of enchant weapon
 o - 5 scrolls of remove curse
 s - a scroll of magic mapping
 x - 3 scrolls of amnesia
 y - a scroll of fog {unknown}
 F - a scroll of blinking {unknown}
 H - a scroll of enchant armour
 J - a scroll of noise
 M - a scroll of identify
 Q - 3 scrolls of brand weapon {unknown}
Potions
 a - 2 potions of berserk rage {unknown}
 g - 8 potions of blood
 h - a potion of agility
 m - a potion of brilliance
 r - 5 potions of curing
 t - a potion of might
 z - a potion of flight {unknown}
 D - a potion of ambrosia
 K - 2 potions of lignification
 N - a potion of degeneration {unknown}
 O - a potion of cancellation {unknown}
Miscellaneous
 e - an ornate deck of destruction
 C - a plain deck of escape {drawn: 11}


   Skills:
 + Level 5.5 Fighting
 + Level 4.1(6.7) Short Blades
 + Level 2.3 Maces & Flails
 + Level 6.9(7.3) Polearms
   Level 0.7 Slings
 + Level 5.8 Throwing
 + Level 5.5 Armour
 + Level 1.2 Dodging
 + Level 7.1 Stealth
 + Level 2.2 Invocations
 + Level 1.0 Evocations


You had 9 spell levels left.
You didn't know any spells.

Dungeon Overview and Level Annotations

Branches:
Dungeon (10/15)
 Temple: D:4           Lair: D:8-11         Orc: D:9-12

Altars:
Dithmenos
Elyvilon
Hepliaklqana
Nemelex Xobeh
Okawaru
Qazlal
Sif Muna
Trog

Shops:
D:5 }

Annotations:
D:4 1 runed door
D:9 Erica, Grum


Innate Abilities, Weirdness & Mutations

You heal slowly.
You have razor-sharp teeth.
You have supernaturally acute eyesight. (SInv)
((You can survive without breathing.))


Message History

The blizzard demon waves its arms in wide circles.
The air twists around and violently strikes you in flight!
The raiju bursts into living lightning!
The living lightning hits the raiju.
The raiju completely resists.
The living lightning misses you.
The raiju blinks!
The small abomination hits you.
A large abomination comes into view.
The small abomination completely misses you.
The raiju bursts into living lightning!
The living lightning hits you!
The raiju blinks!
You feel protected.
The small abomination barely misses you.
The small abomination hits you!!
The raiju bursts into living lightning!
The living lightning hits you! You resist.
* * * LOW HITPOINT WARNING * * *
The raiju blinks!
The large abomination hits you!!
You die...
Your body disappears without a glow.

#... # ## .... . .##.#
..#. .###..#.#.
...##.#..#....
#......#.#.#.
#.###....#.#...##
#..h........##§.
#...bX......§
#......#x..#.##
.#.#.#.#...§.# ### #
..#.hD#####..##
...##.h.2.. ...# .
....#..#.24#.#..#..#
..#....#..##.........
##.##.....##....#..###
#.###.. ..p.##.#


You could see a bone dragon, a blizzard demon, a shadow demon, a large
abomination, a rust devil, 3 raiju and a small abomination.

Vanquished Creatures
  Urug (D:10)
  A troll (D:10)
  Sigmund (D:4)
  A fire bat (D:10)
  A swamp worm (D:10)
  A water moccasin (D:10)
  An ice beast (D:9)
  A sky beast (D:6)
  4 ogres
  2 phantoms
  2 centaurs
  3 elf zombies (Ossuary)
  5 bullfrogs
  A big kobold (D:10)
  A howler monkey (D:4)
  3 crimson imps
  3 centaur zombies
  2 hounds (D:10)
  2 jellies
  An orc priest (D:4)
  2 bullfrog skeletons
  3 worker ants
  Terence (D:2)
  5 orc wizards
  An iguana (D:8)
  A killer bee zombie (D:7)
  A hound zombie (D:10)
  A howler monkey zombie (D:7)
  Robin (D:4)
  2 gnolls
  A howler monkey skeleton (D:4)
  9 adders
  2 ufetubi (Abyss:1)
  An ooze (D:1)
  An adder skeleton (D:7)
  2 dart slugs
  5 worms
  6 leopard geckos
  18 orcs
  4 ball pythons
  10 bats
  8 giant cockroaches
  15 goblins
  8 hobgoblins
  11 jackals
  14 kobolds
  3 quokkas
  3 frilled lizards
  6 hobgoblin zombies (Ossuary)
  8 kobold zombies (Ossuary)
  A leopard gecko zombie (D:5)
  7 orc zombies (Ossuary)
  A quokka skeleton (D:4)
  11 rats
  A rat zombie (Ossuary)
  2 bushes (D:3)
  3 plants (D:3)
216 creatures vanquished.

Vanquished Creatures (collateral kills)
  Erolcha (D:10)
  An unseen horror (D:10)
  Menkaure (D:7)
  An elf zombie (Ossuary)
  A gnoll sergeant (D:8)
  A centaur zombie (Ossuary)
  2 jellies
  An orc priest (D:5)
  2 mummies (Ossuary)
  3 gnolls (D:8)
  An adder zombie (Ossuary)
  2 orcs (D:5)
  A goblin zombie (Ossuary)
  2 hobgoblin zombies (Ossuary)
  2 kobold zombies (Ossuary)
  2 orc zombies (Ossuary)
  A quokka zombie (D:5)
25 creatures vanquished.

Vanquished Creatures (others)
  A bullfrog zombie (D:10)
  An orc wizard (D:9)
  An orc (D:9)
  2 plants (D:3)
5 creatures vanquished.

Grand Total: 246 creatures vanquished

Notes
Turn   | Place    | Note
-------+----------+-------------------------------------------
     0 | D:1      | Fisto the Vampire Assassin began the quest for the Orb.
     0 | D:1      | Reached XP level 1. HP: 16/16 MP: 1/1
   145 | D:1      | Reached skill level 6 in Stealth
   271 | D:1      | Reached XP level 2. HP: 22/22 MP: 2/2
  1286 | D:2      | Reached XP level 3. HP: 27/27 MP: 3/3
  1927 | D:2      | Noticed Terence
  2452 | D:2      | Reached XP level 4. HP: 33/33 MP: 4/4
  2675 | D:2      | Killed Terence
  2675 | D:2      | Reached skill level 1 in Armour
  3582 | D:3      | Reached XP level 5. HP: 38/39 MP: 5/5
  3883 | D:3      | Found a bloodstained altar of Trog.
  4199 | D:3      | Noticed an ogre
  4279 | D:4      | Found a bloodstained altar of Trog.
  4547 | D:4      | Found a white marble altar of Elyvilon.
  4917 | D:4      | Found a deep blue altar of Sif Muna.
  4968 | D:4      | Found a runed door.
  5262 | D:4      | Reached XP level 6. HP: 42/46 MP: 6/6
  5373 | D:4      | Noticed Sigmund
  5408 | D:4      | Killed Sigmund
  5408 | D:4      | Reached skill level 1 in Maces & Flails
  5488 | D:4      | Reached skill level 7 in Stealth
  5571 | D:4      | Reached XP level 7. HP: 52/52 MP: 7/7
  5610 | D:4      | Found an iron altar of Okawaru.
  5628 | D:4      | Noticed Robin
  5664 | D:4      | Killed Robin
  5774 | D:5      | Entered Level 5 of the Dungeon
  5844 | D:5      | Found a sparkling altar of Nemelex Xobeh.
  5974 | D:5      | Became a worshipper of Nemelex Xobeh the Trickster
  5990 | D:5      | Received a gift from Nemelex Xobeh
  6031 | D:5      | Found a shadowy altar of Dithmenos.
  6051 | D:5      | Reached skill level 1 in Polearms
  6126 | D:5      | Found Egoriump's Gadget Boutique.
  6131 | D:5      | Bought a wand of lightning (4/15) for 80 gold pieces
  6327 | D:5      | Found a sand-covered staircase.
  6337 | Ossuary  | Entered an ossuary
  6524 | Ossuary  | Reached XP level 8. HP: 33/60 MP: 8/8
  7094 | D:6      | Found a stormy altar of Qazlal.
  7200 | D:7      | Reached skill level 5 in Polearms
  7281 | D:7      | Received a gift from Nemelex Xobeh
  7318 | D:7      | Found a hazy altar of Hepliaklqana.
  7411 | D:7      | Noticed Menkaure
  7416 | D:7      | Killed Menkaure
  7537 | D:7      | Reached * piety under Nemelex Xobeh
  7704 | D:7      | Reached skill level 1 in Invocations
  8526 | D:9      | Reached XP level 9. HP: 59/66 MP: 9/9
  8630 | D:9      | Received a gift from Nemelex Xobeh
  8878 | D:9      | Noticed Erica
  8894 | D:9      | Noticed a two-headed ogre
  8908 | D:9      | Noticed Grum
  8910 | D:10     | Entered Level 10 of the Dungeon
  9250 | D:10     | Cast into level 1 of the Abyss (orc priest)
  9259 | Abyss:1  | Noticed a rakshasa
  9647 | D:10     | Escaped the Abyss
  9673 | D:10     | a two-headed ogre changed into a swamp worm
 10204 | D:10     | Reached skill level 5 in Fighting
 10225 | D:10     | Noticed Erolcha
 10236 | D:10     | Killed Erolcha
 10236 | D:10     | Reached skill level 5 in Throwing
 10238 | D:10     | Reached ** piety under Nemelex Xobeh
 10238 | D:10     | Received a gift from Nemelex Xobeh
 10387 | D:10     | Noticed an unseen horror
 10393 | D:10     | HP: 3/68 [orc priest/divine providence (10)]
 10398 | D:10     | Killed an unseen horror
 10398 | D:10     | Reached skill level 5 in Armour
 10995 | D:10     | Noticed a troll
 11002 | D:10     | Killed a troll
 11206 | D:10     | Reached XP level 10. HP: 71/74 MP: 11/11
 11308 | D:10     | Noticed Urug
 11767 | D:10     | HP: 2/74 [Urug/enchanted great mace (18)]
 11772 | D:10     | Killed Urug
 11772 | D:10     | Reached skill level 1 in Evocations
 12542 | D:10     | Cast into level 2 of the Abyss (orc priest)
 12563 | Abyss:2  | Noticed a profane servitor
 12586 | Abyss:2  | Received a gift from Nemelex Xobeh
 12628 | Abyss:2  | Noticed a smoke demon
 12633 | Abyss:2  | Noticed a white very ugly thing
 12637 | Abyss:2  | Noticed an apocalypse crab
 12679 | Abyss:2  | Noticed a shadow demon
 12680 | Abyss:2  | Noticed a rust devil
 12686 | Abyss:2  | Noticed a bone dragon
 12688 | Abyss:2  | Noticed a hell knight
 12688 | Abyss:2  | Noticed a hell knight
 12688 | Abyss:2  | Noticed a necromancer
 12688 | Abyss:2  | Noticed a blizzard demon
 12690 | Abyss:2  | Noticed a hell knight
 12690 | Abyss:2  | Noticed an orange demon
 12694 | Abyss:2  | Noticed a large abomination
 12699 | Abyss:2  | Slain by a large abomination

Skill      XL: |  1  2  3  4  5  6  7  8  9 10 |
---------------+-------------------------------+-----
Stealth        | 6 7 |  7.1
Fighting       | 2 3 4 5 |  5.5
Short Blades   | 3 4 |  4.1
Armour         | 1 2 3 5 |  5.5
Throwing       | 2 3 4 5 |  5.8
Maces & Flails | 1 2 |  2.3
Polearms       | 3 5 6 |  6.9
Invocations    | 1 2 |  2.2
Evocations     | 1 |  1.0
Slings         | |  0.7
Dodging        | |  1.2

Action                   |  1- 3 |  4- 6 |  7- 9 | 10-12 || total
-------------------------+-------+-------+-------+-------++-------
Melee: Dagger            |   180 |    16 |       |       ||   196
       Bite              |    25 |    54 |    47 |     3 ||   129
       Short sword       |       |   282 |    10 |     6 ||   298
       Mace              |       |    82 |    43 |     2 ||   127
       Scythe            |       |     8 |   266 |     9 ||   283
       Great mace        |       |       |       |     2 ||     2
 Fire: Hunting sling     |    25 |     1 |       |       ||    26
       Blowgun           |    12 |    60 |    90 |    21 ||   183
Throw: Stone             |     3 |    10 |       |       ||    13
 Abil: Bat Form          |       |     1 |     3 |     2 ||     6
       End Transformatio |       |     1 |     3 |     1 ||     5
Evoke: Deck              |       |       |    20 |     4 ||    24
       Wand              |       |       |    12 |       ||    12
  Use: Potion            |     4 |    11 |    21 |     5 ||    41
       Scroll            |     3 |       |    16 |     1 ||    20
 Stab: Sleeping          |     3 |       |       |       ||     3
       Invisible         |       |     1 |       |       ||     1
       Distracted        |       |       |     1 |       ||     1
Armor: Robe              |    13 |       |       |       ||    13
       Crystal plate arm |   170 |   173 |   582 |    22 ||   947
Dodge: Dodged            |    19 |     8 |    25 |     7 ||    59
